Map: Prion Terraces

Players

puCK (Nina) - Winner!

  • Race: Protoss Protoss
  • League: Grandmaster

EJK

  • Race: Terran Terran
  • League: Grandmaster

Event: Team Gravity's Fight Night #40

VOD

Have the link to the VOD?

Description

Time

  • Played on: April 10, 2016, 8:06 p.m.
  • Length: 9:53

All games in this series

Show
View Real Time Build Order
Export as new Build Order

puCK Protoss - Winner!

Build Orders: 1 Gate Expand 

Get SALT Encoding   

  12  0:01  Probe (Chrono Boost)  
  13  0:12  Probe (Chrono Boost)  
  14  0:19  Pylon  
  14  0:22  Probe (Chrono Boost)  
  15  0:37  Gateway  
  15  0:38  Probe (Chrono Boost)  
  16  0:43  Assimilator  
  16  0:48  Probe (Chrono Boost)  
  17  0:59  Probe (Chrono Boost)  
  18  1:09  Probe (Chrono Boost)  
  19  1:21  Nexus  
  19  1:27  Probe (Chrono Boost)  
  20  1:35  Cybernetics Core  
  20  1:38  Probe (Chrono Boost)  
  21  1:42  Assimilator  
  21  1:49  Probe (Chrono Boost)  
  21  1:52  Pylon  
  22  2:00  Probe (Chrono Boost)  
  23  2:12  Mothership Core (Chrono Boost)  
  23  2:13  Adept  
  27  2:20  Warp Gate  
  27  2:30  Probe (Chrono Boost)  
  27  2:34  Probe (Chrono Boost)  
  29  2:41  Adept, Probe (Chrono Boost)  
  32  2:44  Probe (Chrono Boost)  
  33  2:51  Probe (Chrono Boost)  
  33  2:54  Twilight Council  
  33  2:55  Probe (Chrono Boost)  
  35  3:02  Probe (Chrono Boost)  
  35  3:04  Robotics Facility  
  37  3:05  Probe (Chrono Boost)  
  37  3:12  Adept, Probe (Chrono Boost)  
  40  3:15  Pylon  
  40  3:17  Probe (Chrono Boost)  
  41  3:25  Gateway  
  41  3:26  Probe (Chrono Boost)  
  42  3:32  Probe, Resonating Glaives (Chrono Boost)  
  42  3:37  Gateway  
  43  3:45  Gateway  
  43  3:49  Gateway  
  43  3:55  Warp Prism  
  43  4:02  Gateway  
  45  4:06  Probe  
  45  4:07  Probe  
  45  4:20  Pylon  
  45  4:22  Probe  
  45  4:23  Pylon, Probe  
  47  4:27  Adept  
  47  4:28  Adept  
  51  4:35  Pylon, Probe x2  
  51  4:38  Observer  
  54  4:39  Assimilator  
  54  4:40  Assimilator  
  54  4:41  Adept  
  56  4:55  Adept x2  
  60  5:00  Adept x3  
  60  5:06  Adept  
  68  5:10  Pylon  
  68  5:13  Pylon  
  68  5:17  Probe  
  68  5:19  Pylon, Immortal  
  73  5:43  Adept x3  
  73  5:45  Zealot  
  73  5:46  Blink (Chrono Boost), Zealot x2  
  73  5:48  Probe  
  86  6:02  Nexus  
  86  6:07  Adept  
  86  6:08  Adept x5  
  68  6:21  Warp Prism (Chrono Boost)  
  58  6:37  Stalker x5  
  62  6:41  Pylon  
  62  6:45  Pylon  
  62  6:49  Templar Archives  
  62  6:52  Stalker  
  65  6:54  Probe  
  65  7:01  Immortal (Chrono Boost)  
  69  7:06  Stalker  
  71  7:12  Stalker  
  71  7:14  Stalker  
  71  7:15  Probe x2  
  77  7:17  Probe  
  78  7:27  Adept, Probe  
  78  7:28  Adept  
  78  7:29  Adept  
  84  7:41  Immortal (Chrono Boost)  
  84  7:42  Adept x2  
  92  7:49  Dark Shrine  
  92  7:51  Adept  
  94  7:58  Adept x3  
  100  8:12  Pylon  
  100  8:19  Adept x3  
  102  8:20  Adept x3  
  102  8:23  Observer (Chrono Boost)  
  102  8:25  Forge  
  109  8:37  Assimilator  
  109  8:40  Assimilator  
  109  8:56  Adept x2  
  109  8:57  Adept x2  
  109  9:01  Dark Templar x2, Photon Cannon  
  117  9:15  Robotics Bay  
  107  9:27  Stalker x4  
Show
View Real Time Build Order
Export as new Build Order

EJK Terran 

Build Orders: Reaper Expand, MMM Bio 

Get SALT Encoding   

  12  0:01  SCV  
  13  0:13  SCV  
  14  0:17  Supply Depot  
  14  0:25  SCV  
  15  0:38  SCV  
  15  0:39  Barracks  
  16  0:45  Refinery  
  16  0:50  SCV  
  17  1:02  SCV  
  18  1:15  SCV  
  19  1:28  Reaper  
  20  1:36  Command Center  
  20  1:40  Orbital Command  
  20  1:51  Supply Depot  
  20  2:05  Barracks Reactor  
  20  2:07  SCV  
  21  2:14  Barracks  
  21  2:19  Barracks, SCV  
  22  2:31  SCV  
  22  2:33  Refinery  
  23  2:42  Marine x2  
  25  2:45  SCV  
  25  2:48  Orbital Command  
  26  2:57  SCV  
  27  3:00  Marine x2  
  27  3:03  Barracks Tech Lab  
  29  3:09  Marine  
  29  3:11  SCV  
  31  3:15  SCV  
  31  3:17  Marine  
  31  3:18  Marine  
  34  3:24  Concussive Shells  
  34  3:25  Marauder  
  36  3:27  Marine  
  36  3:29  Factory  
  36  3:31  SCV  
  36  3:32  SCV  
  39  3:35  Marine  
  40  3:42  Supply Depot  
  40  3:43  SCV  
  40  3:44  SCV  
  42  3:52  Marauder  
  42  3:53  Marine  
  42  3:54  Marine  
  46  3:59  Engineering Bay  
  46  4:03  Marine  
  46  4:04  SCV x2  
  46  4:06  Supply Depot  
  46  4:07  Stimpack  
  46  4:08  Refinery  
  49  4:16  SCV x2  
  50  4:18  Starport  
  50  4:19  Factory Tech Lab  
  50  4:24  Bunker  
  50  4:26  Supply Depot  
  50  4:30  Supply Depot  
  50  4:35  Marauder  
  52  4:39  Siege Tank  
  52  4:41  Marine  
  56  4:46  Bunker  
  56  4:48  SCV x2  
  56  4:50  Marine  
  56  4:51  Marine  
  58  4:56  Marine  
  58  5:00  Medivac, SCV  
  58  5:04  Supply Depot  
  58  5:05  SCV  
  56  5:12  Siege Tank  
  57  5:15  SCV  
  57  5:17  SCV  
  57  5:19  Marauder  
  61  5:21  Marine x2  
  61  5:22  Marine  
  61  5:27  SCV  
  65  5:31  Medivac  
  67  5:41  Marauder, Marine x3  
  72  5:43  SCV x2  
  72  5:44  Siege Tank  
  77  5:59  Marine x3  
  77  6:02  Marine  
  78  6:13  SCV  
  78  6:16  Siege Tank  
  71  6:20  Marauder  
  71  6:21  Marine x2  
  71  6:22  SCV  
  66  6:26  Combat Shields, SCV, Marine  
  66  6:31  Starport Reactor  
  65  6:34  Barracks, SCV  
  65  6:35  Barracks  
  65  6:38  SCV  
  65  6:39  Marine  
  64  6:44  Terran Infantry Weapons Level 1  
  64  6:46  SCV  
  65  6:52  Barracks Tech Lab  
  65  6:53  SCV, Bunker  
  66  6:54  Siege Tank  
  66  6:58  SCV  
  70  7:02  Marine x2  
  70  7:03  Marauder  
  70  7:07  SCV  
  75  7:10  SCV  
  75  7:11  Refinery  
  75  7:14  Medivac  
  78  7:16  Medivac  
  80  7:24  Barracks Tech Lab, Barracks Reactor, Marine x3  
  80  7:25  Marine  
  80  7:27  SCV  
  80  7:28  SCV  
  80  7:29  Supply Depot  
  85  7:47  Marauder x2  
  85  7:50  Marine x2  
  95  7:51  Marauder, Liberator x2  
  95  7:53  SCV x2  
  93  8:05  SCV x2  
  93  8:11  Supply Depot  
  93  8:12  Marauder  
  96  8:15  Marine x2  
  96  8:16  Marine x2  
  96  8:17  SCV  
  96  8:18  Marine  
  102  8:33  SCV, Siege Tank  
  106  8:39  Missile Turret  
  106  8:42  Marauder x3  
  107  8:59  Medivac  
  109  9:03  Marauder  
  109  9:05  Siege Tank  
  113  9:14  Marauder x2  
  113  9:15  Marine  
  118  9:20  Marine  
  118  9:21  Marine  
  105  9:27  Marauder  

Tags
 
Add a new tag
Caveats
  • Supply blocks, unpowered buildings, or Contaminate may cause inaccurate times.
  • Supply counts are checked every 10 seconds.